 Dungeon Crawl Stone Soup version 0.29.1-15-g9cfb28693d (webtiles) character file.

Game seed: 17831703005369472742

53 croobank the Firebug (level 3, 0/27 HPs)
             Began as a Demigod Fire Elementalist on Mar 19, 2023.
             Killed from afar by a white imp (7 damage)
             ... with a puff of frost
             ... summoned by Natasha
             ... on level 2 of the Dungeon.
             The game lasted 00:04:37 (1995 turns).

croobank the Firebug (Demigod Fire Elementalist)    Turns: 1995, Time: 00:04:37

Health: 0/27       AC:  3    Str:  9    XL:     3   Next: 41%
Magic:  1/8        EV: 12    Int: 21    God:
Gold:   27         SH:  0    Dex: 14    Spells: 1/6 levels left

rFire   . . .      SeeInvis .   e - +0 dagger
rCold   . . .      Faith    .   (no shield)
rNeg    . . .      Spirit   .   a - +0 robe
rPois   .          Reflect  .   (no helmet)
rElec   .          Harm     .   d - +0 cloak
rCorr   +          Rampage  .   (no gloves)
Will    .....                   (no boots)
Stlth   ++........              (no amulet)
HPRegen 0.09/turn               f - ring of resist corrosion
MPRegen 0.11/turn               (no ring)

@: slowed, very slow
A: high MP 1, forlorn, divine attributes
a: no special abilities


You were on level 2 of the Dungeon.
You visited 1 branch of the dungeon, and saw 2 of its levels.

You collected 27 gold pieces.

Inventory:

Hand Weapons
 e - a +0 dagger (weapon)
Armour
 a - a +0 robe (worn)
 d - a +0 cloak (worn)
 k - a +0 ring mail
Jewellery
 f - a ring of resist corrosion (left hand)
Scrolls
 g - a scroll of identify {unknown}
Potions
 b - a potion of mutation {unknown}
 c - 2 potions of attraction {unknown}
 h - a potion of berserk rage {unknown}
 i - a potion of invisibility {unknown}
 j - a potion of resistance {unknown}


   Skills:
 + Level 0.6 Fighting
 + Level 2.2 Dodging
 + Level 2.2 Stealth
 + Level 2.0 Spellcasting
 + Level 1.5 Conjurations
 + Level 3.0 Fire Magic
 + Level 0.0 Air Magic
 + Level 0.1 Poison Magic


You had one spell level left.
You knew the following spells:

 Your Spells              Type           Power      Damage    Failure   Level
a - Foxfire               Conj/Fire      44%        2x1d6     6%          1
b - Scorch                Fire           28%        2d6       6%          2
c - Poisonous Vapours     Pois/Air       4%         N/A       22%         2

Your spell library contained the following spells:

 Spells                   Type           Power      Damage    Failure   Level
 Conjure Flame            Conj/Fire      11%        6-21      17%         3
 Inner Flame              Hex/Fire       8%         N/A       24%         3
 Flame Wave               Conj/Fire      11%        2d6       50%         4
 Corpse Rot               Necr/Pois/Air  2%         N/A       82%         4


Dungeon Overview and Level Annotations

Branches:
Dungeon (2/15)

Annotations:
D:2 Natasha, Robin


Innate Abilities, Weirdness & Mutations

You have an increased reservoir of magic. (+10% MP)
You shall have no god before yourself.
Your divine heritage dramatically boosts your attributes as you level up.


Message History

Confirm with . or Enter, or press ? or * to list all spells.
Flames lash Natasha.
Natasha is burned terribly!
Natasha is severely wounded.
Natasha drinks a potion.
Natasha's spells are empowered!
The white imp closely misses you.
Casting: Scorch (safe; 6% risk of failure)
Confirm with . or Enter, or press ? or * to list all spells.
Flames lash the white imp.
The white imp is burned terribly!
The white imp is almost dead.
The white imp's fire resistance burns away.
The white imp barely misses you. Natasha claws you.
The white imp closely misses you.
Casting: Scorch (safe; 6% risk of failure)
Confirm with . or Enter, or press ? or * to list all spells.
Flames lash the white imp.
The white imp is burned terribly!
You kill the white imp!
The white imp disappears in a puff of smoke!
Natasha claws you.
Natasha mumbles some strange words.
You hit Natasha. Your punch misses Natasha.
Natasha is severely wounded.
Natasha stares at you and mumbles some strange words.
The magic dart hits you!
You hit Natasha.
Natasha is almost dead.
Natasha closely misses you.
Natasha casts a spell.
The crimson imp blinks!
You hit Natasha but do no damage.
Natasha is almost dead.
Natasha is no longer more vulnerable to fire.
Natasha claws you.
* * * LOW HITPOINT WARNING * * *
You barely miss Natasha.
Natasha is almost dead.
Natasha misses you.
The crimson imp shouts, "Go and return not, thou currish tickle-brained efter!"
The white imp gestures at you. The puff of frost hits you!
You die...

#########.# #..
#....[>...# #.#
#.........# #.#
...##.#.####..### #.#
.............†#.# #.#
+####.#.####..#.# #.#
......#.##.#..#.###.###
..............(.......#
....###@##.#..........#
.# #.5h..5.........#.#
#.#.##.#..#>......#
...................#
### #.##.#..#..##.#.#
#.##.#..#..##.#.#
................#
#.##.#..#..##.#.# #
...........#.#


You could see Natasha (empowered), a crimson imp (summoned) and a white imp
(summoned).

Vanquished Creatures
  An adder (D:2)
  A dart slug (D:1)
  2 orcs (D:2)
  9 endoplasms
  7 goblins
  5 hobgoblins
  2 ball pythons (D:1)
  A bat (D:1)
  A frilled lizard (D:1)
  2 kobolds (D:1)
  4 rats (D:1)
35 creatures vanquished.

Vanquished Creatures (others)
  94 foxfires
94 creatures vanquished.

Grand Total: 129 creatures vanquished

Notes
Turn   | Place    | Note
-------+----------+-------------------------------------------
     0 | D:1      | croobank the Demigod Fire Elementalist began the quest for
                  | the Orb.
     0 | D:1      | Reached XP level 1. HP: 14/14 MP: 5/5
    29 | D:1      | Reached skill level 1 in Conjurations
   345 | D:1      | Reached XP level 2. HP: 20/20 MP: 2/7
   434 | D:1      | Learned a level 2 spell: Scorch
  1162 | D:1      | You fall into a shaft and drop 1 floor!
  1174 | D:2      | Reached XP level 3. HP: 27/27 MP: 3/8
  1564 | D:1      | Learned a level 2 spell: Poisonous Vapours
  1646 | D:2      | Noticed Robin
  1934 | D:2      | Reached skill level 3 in Fire Magic
  1985 | D:2      | Noticed Natasha
  1995 | D:2      | Killed from afar by a white imp

Illustrated notes

Levels and vault maps discovered:
D:1:      doesnt_arrival_eight_statues, layout_loops_ring,
          hellmonk_ecumenical_altar_arch_garden, serial_glass, glass_columns_c,
          glass_columns_a, glass_columns_c, glass_columns_a
D:2:      layout_basic, uniq_robin, uniq_natasha

Skill      XL: |  1  2  3 |
---------------+----------+-----
Conjurations   | 1 |  1.5
Stealth        | 2 |  2.2
Dodging        | 2 |  2.2
Spellcasting   | 2 |  2.0
Fire Magic     | 3 |  3.0
Fighting       | |  0.6
Poison Magic   | |  0.1

Action                   || total
-------------------------++-------
Melee: Unarmed           ||     1
       Dagger            ||     9
 Cast: Foxfire           ||    61
       Scorch            ||    19
  Use: Potion            ||     1
Armor: Robe              ||     2
Dodge: Dodged            ||    15
